 Dungeon Crawl Stone Soup version 0.27-a0-1332-g84bddb5ca7 (webtiles) character file.

Game seed: 8140611444272663082

32 Wobber the Insei (level 3, -5/23 HPs)
             Began as an Octopode Transmuter on June 25, 2021.
             Slain by a kobold (19 damage)
             ... on level 1 of the Dungeon.
             The game lasted 00:02:00 (933 turns).

Wobber the Insei (Octopode Transmuter)               Turns: 933, Time: 00:02:00

Health: -5/23      AC:  1    Str:  9    XL:     3   Next: 27%
Magic:  5/6        EV: 13    Int: 16    God:
Gold:   29         SH:  0    Dex: 12    Spells: 2/6 levels left

rFire    . . .     SeeInvis .   a - +0 dagger
rCold    . . .     Faith    .   (no shield)
rNeg     + . .     Spirit   .   (helmet currently unavailable)
rPois    .         Reflect  .   (no amulet)
rElec    .         Harm     .   b - ring of positive energy
rCorr    .         Rampage  .   (no ring)
Will     .....                  (no ring)
Stlth    +++.......             (no ring)
HPRegen  0.07/turn              (no ring)
MPRegen  0.10/turn              (no ring)
                                (no ring)
                                (no ring)

@: appendages
A: tentacle spike 3, almost no armour, amphibious, 8 rings, camouflage 1,
gelatinous body 1, (nimble swimmer 1), tentacles
a: End Transformation


You were on level 1 of the Dungeon.
One of your tentacles had grown a beastly spike.
You visited 1 branch of the dungeon, and saw 1 of its levels.

You collected 29 gold pieces.

Inventory:

Hand Weapons
 a - a +0 dagger (weapon)
Jewellery
 b - a ring of positive energy (left tentacle)
Scrolls
 c - a scroll of magic mapping {unknown}


   Skills:
 + Level 1.5 Fighting
 - Level 2.0 Dodging
 - Level 1.4 Stealth
 - Level 3.0 Unarmed Combat
 + Level 2.2 Spellcasting
 * Level 2.7 Transmutations
 * Level 0.3 Poison Magic


You had 2 spell levels left.
You knew the following spells:

 Your Spells              Type           Power      Damage    Failure   Level
a - Beastly Appendage     Tmut           20%        N/A       7%          1
b - Spider Form           Tmut/Pois      3%         N/A       32%         3

Your spell library contained the following spells:

 Spells                   Type           Power      Damage    Failure   Level
 Wereblood                Tmut           10%        N/A       10%         2
 Ice Form                 Ice/Tmut       6%         N/A       75%         4


Dungeon Overview and Level Annotations

Branches:
Dungeon (1/15)

Altars:


Innate Abilities, Weirdness & Mutations

One of your tentacles has grown a beastly spike.
You cannot wear most types of armour.
You are amphibious.
You can wear up to eight rings at the same time.
Your skin changes colour to match your surroundings (Stealth+).
Your rubbery body absorbs attacks. (AC +1, EV +1)
((You are camouflaged near water. (Stealth+)))
You have tentacles for arms and can constrict up to eight enemies at once.


Message History

The giant cockroach is severely wounded.
You constrict the giant cockroach.
You kill the giant cockroach!
Your tentacle spike disappears.
An endoplasm comes into view.
You see here a quokka corpse.
A quokka and a kobold come into view.
The endoplasm quivers.
One of your tentacles grows a vicious spike.
The kobold shouts!
You hit the endoplasm.
The endoplasm is moderately wounded.
The endoplasm freezes you.
You are frozen.
You hit the endoplasm.
The endoplasm is severely wounded.
The endoplasm hits you.
You hit the endoplasm but do no damage.
The endoplasm is severely wounded.
The endoplasm hits you.
You hit the endoplasm.
You kill the endoplasm!
The kobold hits you with a +0 dagger.
You barely miss the kobold. You grab the kobold.
You pierce the kobold.
The kobold is severely wounded.
You constrict the kobold.
You kill the kobold!
Your transformation is almost over.
You closely miss the quokka. Your grab misses the quokka.
You pierce the quokka.
You squeeze the quokka.
You kill the quokka!
Your tentacle spike disappears.
A kobold comes into view.
It is wielding a +0 dagger of electrocution.
You see here a quokka corpse.
One of your tentacles grows a vicious spike.
The kobold shouts!
The kobold hits you with a +0 dagger of electrocution.
You are electrocuted!!
Ouch! That really hurt!
You die...

### .. #.##### .......
..... ##### ##K.#####
....# ##@.......
###.###########....#####
..........†...†#...#
###.##.##.###).#...#
#.##.##.##.#.....#
#.##.##.###......#
##..................
#................###
#.###.###.###..#.#


You could see a kobold.

Vanquished Creatures
  2 dart slugs (D:1)
  2 bats (D:1)
  2 endoplasms (D:1)
  A giant cockroach (D:1)
  2 goblins (D:1)
  4 hobgoblins (D:1)
  4 jackals (D:1)
  2 quokkas (D:1)
  3 kobolds (D:1)
  A rat (D:1)
23 creatures vanquished.

Notes
Turn   | Place    | Note
-------+----------+-------------------------------------------
     0 | D:1      | Wobber the Octopode Transmuter began the quest for the Orb.
     0 | D:1      | Reached XP level 1. HP: 13/13 MP: 3/3
    39 | D:1      | Found a faded altar of an unknown god.
   105 | D:1      | Reached XP level 2. HP: 8/18 MP: 3/5
   323 | D:1      | Reached skill level 1 in Stealth
   731 | D:1      | Reached XP level 3. HP: 23/23 MP: 4/6
   735 | D:1      | Learned a level 3 spell: Spider Form
   933 | D:1      | Slain by a kobold

Illustrated notes

Levels and vault maps discovered:
D:1:      evilmike_arrival_plus, layout_loops_ring,
          shapermc_ecumenical_altar_totnotflames

Skill      XL: |  1  2 |
---------------+-------+-----
Stealth        | 1 |  1.4
Fighting       | |  1.5
Dodging        | |  2.0
Unarmed Combat | |  3.0
Spellcasting   | |  2.2
Transmutations | |  2.7
Poison Magic   | |  0.3

Action                   || total
-------------------------++-------
Melee: Dagger            ||    45
       Constrict         ||    18
       Kick              ||    12
       Tentacles         ||    10
       Unarmed           ||     2
       Punch             ||     1
 Cast: Beastly Appendage ||    15
 Stab: Sleeping          ||     7
Armor: Skin              ||     4
Dodge: Dodged            ||    29

Table legend: (Time is in decaauts)
 A = Elapsed time spent in this place.
 B = Non-inter-level travel time spent in this place.
 C = Inter-level travel time spent in this place.
 D = Time resting spent in this place.
 E = Time spent auto-exploring this place.
 F = Levels seen in this place.
 G = Mean time per level.
                   A        B        C        D        E       F      G
               +--------+--------+--------+--------+--------+-----+--------+
         Total |    931 |    931 |      0 |    156 |    608 |   1 |  931.0 |
       Dungeon |    931 |    931 |      0 |    156 |    608 |   1 |  931.0 |
               +--------+--------+--------+--------+--------+-----+--------+

Top non-repeatable levels by time:
     D:1: 931 daAuts
